Map: [ESL] Hard Lead

Players

Serral - Winner!

  • Race: Zerg Zerg
  • Spawn Location: 5:00

Lambo

  • Race: Zerg Zerg
  • Spawn Location: 11:00

Event: HomeStory Cup XXIV

VOD

Have the link to the VOD?

Description

Time

  • Played on: Dec. 3, 2023, 8:39 a.m.
  • Length: 12:38

All games in this series

Show
View Real Time Build Order
Export as new Build Order

Serral Zerg - Winner!

Build Orders: Hatch First 

Get SALT Encoding   

  12  0:00  Drone  
  13  0:11  Overlord  
  13  0:16  Drone  
  14  0:30  Drone x2  
  16  0:47  Hatchery  
  15  0:50  Drone  
  15  0:53  Drone  
  18  0:57  Drone  
  18  1:07  Extractor  
  17  1:12  Spawning Pool  
  17  1:15  Drone  
  17  1:18  Drone  
  18  1:27  Drone  
  19  1:38  Drone  
  20  1:48  Drone  
  21  1:58  Queen x2  
  21  1:59  Zergling x2  
  21  2:00  Overlord  
  26  2:07  Metabolic Boost  
  26  2:10  Drone x2  
  28  2:20  Zergling x2  
  28  2:21  Drone  
  30  2:32  Hatchery  
  30  2:34  Drone  
  30  2:37  Drone  
  30  2:42  Drone  
  32  2:46  Baneling Nest  
  32  2:48  Overlord  
  31  2:54  Drone  
  31  2:55  Drone  
  33  3:07  Zergling x10  
  33  3:10  Zergling x4  
  33  3:12  Zergling x2  
  41  3:18  Overlord  
  41  3:19  Drone  
  42  3:24  Queen  
  44  3:32  Roach Warren  
  43  3:35  Drone  
  43  3:36  Zergling x2  
  43  3:40  Baneling x2  
  43  3:41  Drone x2  
  47  3:45  Drone  
  48  3:52  Drone x4  
  50  3:57  Zergling x2  
  50  4:00  Overlord  
  50  4:02  Drone x2  
  52  4:05  Zergling x2  
  52  4:08  Baneling  
  52  4:09  Overlord  
  53  4:12  Overlord  
  52  4:21  Baneling  
  52  4:22  Baneling, Roach x2  
  52  4:23  Roach  
  58  4:27  Roach  
  58  4:28  Roach  
  62  4:35  Extractor, Evolution Chamber  
  62  4:37  Roach  
  62  4:43  Zergling x10  
  67  4:51  Drone x3  
  67  4:52  Drone x4  
  74  4:55  Overlord  
  74  4:57  Baneling  
  74  4:58  Baneling  
  74  5:00  Drone x2  
  74  5:03  Drone x2  
  74  5:04  Drone  
  74  5:05  Drone  
  77  5:19  Drone x3  
  77  5:20  Drone  
  77  5:21  Drone  
  82  5:25  Drone x4  
  82  5:28  Extractor  
  83  5:29  Extractor  
  83  5:32  Roach x3  
  88  5:36  Overlord  
  88  5:37  Overlord  
  88  5:41  Roach  
  90  5:46  Overlord, Spine Crawler x2  
  90  5:49  Roach  
  90  5:52  Overlord  
  90  5:56  Roach x5  
  100  6:05  Drone, Lair  
  100  6:06  Drone x3  
  100  6:08  Drone  
  105  6:16  Drone x5  
  105  6:18  Zerg Missile Weapons Level 1  
  105  6:20  Drone x2, Extractor  
  105  6:21  Extractor, Overlord  
  105  6:23  Drone x2  
  107  6:27  Roach x4  
  113  6:35  Pneumatized Carapace  
  113  6:37  Hatchery  
  113  6:38  Overlord  
  116  6:40  Roach x2  
  116  6:44  Drone  
  116  6:45  Overlord  
  117  6:48  Evolution Chamber  
  117  6:51  Roach  
  117  6:52  Roach x3  
  124  7:00  Overlord x2  
  124  7:03  Overseer  
  124  7:07  Roach x4  
  132  7:10  Glial Reconstitution, Overlord x2  
  132  7:16  Zerg Ground Armor Level 1  
  132  7:23  Roach x4  
  132  7:24  Roach x2  
  132  7:25  Overlord  
  144  7:35  Drone, Overlord  
  144  7:36  Drone x3  
  148  7:37  Drone  
  148  7:38  Roach x2  
  148  7:44  Drone x3  
  155  7:45  Burrow  
  156  7:56  Roach x7  
  170  7:59  Queen  
  172  8:12  Ravager  
  172  8:13  Ravager x3  
  172  8:15  Extractor  
  172  8:17  Infestation Pit  
  172  8:19  Roach x2  
  184  8:20  Roach x3  
  184  8:29  Tunneling Claws  
  184  8:30  Spore Crawler  
  179  8:36  Zerg Missile Weapons Level 2  
  179  8:38  Roach x6  
  181  8:49  Roach x8  
  184  8:57  Roach x7  
  182  9:08  Hive  
  182  9:12  Roach x5  
  182  9:15  Roach x7  
  182  9:17  Roach x2  
  192  9:19  Roach x2  
  192  9:20  Roach x4  
  200  9:27  Overlord x2  
  200  9:33  Zerg Ground Armor Level 2  
  200  9:38  Roach  
  200  9:39  Roach  
  200  9:40  Roach x3  
  200  9:44  Roach x2  
  192  9:45  Overlord  
  192  9:49  Roach x7  
  192  9:50  Roach  
  200  9:57  Roach x6  
  186  10:01  Roach x8  
  182  10:10  Roach x4  
  182  10:11  Extractor, Roach x2, Hydralisk Den  
  190  10:17  Ravager  
  189  10:23  Overseer  
  189  10:28  Roach x3  
  189  10:29  Roach x4  
  189  10:30  Roach  
  195  10:39  Overseer  
  195  10:40  Viper  
  195  10:42  Hatchery  
  195  10:47  Roach x3  
  195  10:49  Viper  
  196  10:58  Viper  
  196  10:59  Roach  
  197  11:05  Viper  
  197  11:08  Roach x38  
  197  11:11  Roach x7  
  190  11:26  Lurker Den  
  190  11:31  Ravager x3  
  190  11:32  Spine Crawler  
  189  11:38  Roach x5  
  199  11:41  Overseer  
  197  11:48  Roach x37  
  197  11:54  Ravager x3  
  196  12:09  Roach  
  196  12:10  Roach x4  
  196  12:13  Roach x3  
Show
View Real Time Build Order
Export as new Build Order

Lambo Zerg 

Build Orders: Hatch First, Lurkers 

Get SALT Encoding   

  12  0:00  Drone  
  13  0:12  Overlord  
  13  0:16  Drone  
  14  0:30  Drone x2  
  16  0:48  Hatchery  
  15  0:50  Drone  
  15  0:54  Drone  
  17  0:57  Drone  
  18  1:08  Extractor  
  17  1:13  Spawning Pool  
  17  1:15  Drone  
  17  1:19  Drone  
  18  1:29  Drone  
  19  1:39  Drone  
  20  1:49  Drone  
  21  1:59  Queen x2  
  21  2:00  Zergling x2, Overlord  
  26  2:08  Metabolic Boost  
  26  2:10  Drone x2  
  28  2:23  Drone  
  28  2:24  Zergling x2  
  30  2:32  Drone x2  
  32  2:38  Hatchery  
  32  2:43  Drone  
  32  2:46  Baneling Nest  
  32  2:49  Overlord  
  31  2:56  Drone x2  
  33  3:05  Drone  
  34  3:06  Zergling x2  
  34  3:07  Zergling x2  
  34  3:10  Drone x3  
  39  3:14  Queen  
  39  3:17  Zergling x2  
  42  3:21  Overlord  
  42  3:26  Drone  
  42  3:27  Drone  
  44  3:30  Baneling x2  
  44  3:31  Baneling x2  
  44  3:42  Zergling x14  
  51  3:59  Zergling x12  
  55  4:03  Overlord  
  55  4:09  Drone  
  54  4:12  Drone x3  
  54  4:16  Drone  
  57  4:17  Roach Warren  
  57  4:18  Drone  
  57  4:24  Drone x2  
  57  4:28  Drone  
  57  4:31  Extractor  
  59  4:33  Drone  
  59  4:36  Drone  
  62  4:38  Drone  
  62  4:44  Overlord  
  62  4:56  Overlord  
  65  5:00  Roach x2  
  65  5:01  Overlord x2  
  65  5:03  Spine Crawler  
  65  5:04  Roach x5, Spine Crawler  
  72  5:07  Baneling x2  
  72  5:11  Roach  
  73  5:14  Zergling x10, Roach  
  73  5:20  Roach x2  
  83  5:30  Drone x7  
  83  5:34  Extractor, Overlord  
  93  5:40  Lair  
  91  5:43  Drone x2  
  91  5:47  Drone x2  
  91  5:49  Drone  
  96  5:50  Extractor  
  96  5:51  Extractor  
  96  5:53  Evolution Chamber  
  93  5:57  Drone x2  
  93  5:59  Drone  
  93  6:00  Hatchery  
  95  6:06  Drone  
  95  6:07  Drone x2  
  96  6:14  Drone x6  
  100  6:20  Extractor, Drone x3  
  100  6:25  Drone x3  
  105  6:26  Zerg Missile Weapons Level 1  
  104  6:34  Drone x2  
  104  6:38  Overlord  
  106  6:42  Overlord  
  106  6:45  Glial Reconstitution  
  106  6:46  Pneumatized Carapace  
  106  6:54  Overseer  
  106  6:56  Overlord  
  106  6:58  Overlord  
  106  6:59  Overlord  
  106  7:03  Drone x7  
  106  7:05  Roach x2  
  117  7:10  Roach x2  
  117  7:11  Extractor  
  117  7:12  Overlord  
  117  7:13  Drone  
  117  7:14  Drone x3, Queen  
  126  7:20  Roach x5  
  126  7:21  Infestation Pit, Ravager  
  136  7:27  Extractor  
  136  7:29  Roach x3  
  141  7:33  Roach x4  
  149  7:40  Roach x2  
  153  7:47  Roach x3, Hydralisk Den  
  159  7:58  Roach  
  159  7:59  Overlord  
  159  8:00  Hive  
  159  8:01  Overlord  
  159  8:02  Overlord  
  159  8:03  Overlord  
  155  8:15  Roach x2  
  155  8:16  Overlord  
  155  8:19  Roach, Overlord x2  
  171  8:20  Roach x5  
  171  8:24  Roach x2  
  171  8:25  Lurker Den, Ravager x2  
  176  8:29  Roach x2  
  176  8:36  Roach x4  
  176  8:38  Roach  
  180  8:44  Overlord  
  180  8:45  Roach x3  
  181  8:56  Roach x5  
  181  9:05  Zerg Missile Weapons Level 2  
  181  9:07  Ravager x2  
  181  9:12  Drone x2  
  181  9:13  Drone x2  
  183  9:19  Overseer  
  183  9:25  Roach x7  
  183  9:26  Seismic Spines  
  195  9:34  Hydralisk x2  
  198  9:42  Hydralisk x3  
  178  9:52  Hydralisk  
  178  9:53  Hydralisk x4  
  178  9:57  Roach x3  
  174  10:04  Roach  
  174  10:05  Roach  
  152  10:08  Roach  
  142  10:14  Overseer  
  142  10:22  Lurker x4  
  142  10:23  Lurker  
  142  10:24  Roach  
  142  10:28  Roach  
  151  10:33  Roach  
  149  10:40  Lurker x4  
  153  10:44  Roach  
  151  10:54  Roach x3  
  152  11:06  Roach x5  
  159  11:13  Lurker, Roach x2  
  161  11:27  Roach x4  
  161  11:31  Ravager  
  170  11:33  Roach  
  172  11:43  Roach x3  
  175  11:49  Roach x2  
  170  12:08  Roach x6  
  179  12:14  Roach  
Tags
 
Add a new tag
Caveats
  • Supply blocks, unpowered buildings, or Contaminate may cause inaccurate times.
  • Supply counts are checked every 10 seconds.